 Dungeon Crawl Stone Soup version 0.29.1-13-g9f3cf754e1 (webtiles) character file.

Game seed: 6140268167258931107

68 Thatpatchoflichen the Shooter (level 4, -3/28 HPs)
             Began as a Kobold Hunter on Jan 22, 2023.
             Killed from afar by an orc wizard (6 damage)
             ... with a magic dart
             ... on level 3 of the Dungeon.
             The game lasted 00:05:43 (2272 turns).

Thatpatchoflichen the Shooter (Kobold Hunter)       Turns: 2272, Time: 00:05:44

Health: -3/28      AC:  3    Str:  8    XL:     4   Next: 41%
Magic:  4/4        EV: 15    Int: 10    God:
Gold:   177        SH:  0    Dex: 20    Spells: 3/3 levels left

rFire   . . .      SeeInvis .   a - +0 shortbow
rCold   . . .      Faith    .   (shield currently unavailable)
rNeg    . . .      Spirit   .   c - +0 leather armour
rPois   .          Reflect  .   (no helmet)
rElec   .          Harm     .   (no cloak)
rCorr   .          Rampage  .   (no gloves)
Will    .....                   (no boots)
Stlth   +++.......              (no amulet)
HPRegen 0.09/turn               (no ring)
MPRegen 0.09/turn               (no ring)

@: no status effects
A: small, no large weapons, nightstalker 3
a: no special abilities


You were on level 3 of the Dungeon.
You visited 1 branch of the dungeon, and saw 4 of its levels.

You collected 177 gold pieces.

Inventory:

Hand Weapons
 a - a +0 shortbow (weapon)
 t - a +0 short sword of venom
Missiles
 h - 5 atropa-tipped darts
Armour
 c - a +0 leather armour (worn)
 e - a +0 scale mail
Scrolls
 b - 3 scrolls of immolation
 f - a scroll of identify {unknown}
 l - a scroll of enchant weapon {unknown}
 m - 2 scrolls of teleportation {unknown}
 p - a scroll of magic mapping {unknown}
 s - 2 scrolls of enchant armour {unknown}
Potions
 d - a potion of attraction {unknown}
 g - a potion of lignification {unknown}
 i - a potion of mutation {unknown}
 j - a potion of invisibility {unknown}
 k - 2 potions of curing {unknown}
 n - a potion of haste {unknown}
 o - a potion of might {unknown}
 q - a potion of flight {unknown}
 r - a potion of degeneration {unknown}


   Skills:
 + Level 3.0 Fighting
 + Level 5.9 Ranged Weapons
 + Level 3.3 Dodging
 + Level 2.9 Stealth


You had 3 spell levels left.
You didn't know any spells.
Your spell library was empty.

Dungeon Overview and Level Annotations

Branches:
Dungeon (4/15)
 Temple: D:4-7

Altars:
Okawaru


Innate Abilities, Weirdness & Mutations

You are small and have problems with some larger weapons.
You are completely attuned to the shadows.


Message History

Press: ? - help, Q - select action, (/) - cycle Shift-Dir - straight line, f/p - orc
Aim: an orc, wielding a +0 club (heavily wounded, 65% to hit)
You shoot an arrow.
The arrow hits the orc but does no damage.
The orc is heavily wounded.
Fire: a) +0 shortbow
Press: ? - help, Q - select action, (/) - cycle Shift-Dir - straight line, f/p - orc
Aim: an orc, wielding a +0 club (heavily wounded, 65% to hit)
You shoot an arrow. The arrow hits the orc.
You kill the orc!
You see here a +0 club.
The orc wizard shouts!
You hear a shout! x3
You hear a shout! x3
The orc wizard gestures at you while chanting.
The magic dart hits you!
The orc wizard gestures at you while chanting.
You are confused.
You bump into the rock wall.
You see here a +0 club.
You bump into the rock wall.
The orc wizard casts a spell at you. The magic dart hits you!
You bump into the rock wall.
Non-targeted confused fire: a) +0 shortbow
Press: ? - help, Q - select action, (/) - cycle Dir - look around, f - activate
Okay, then.
You feel less confused.
The orc wizard hits you with a +0 dagger.
The orc misses you.
You see here a +0 club.
The orc wizard attacks as you move away!
The orc wizard hits you with a +0 dagger.
The orc wizard casts a spell at you. The magic dart hits you!
* * * LOW HITPOINT WARNING * * *
The orc wizard casts a spell at you. The puff of flame misses you.
The orc wizard casts a spell at you. The magic dart hits you.
You die...

#####†#.###.#
##.## #.#
#...##.#
....##o#
####.##o#
#.##.# #.##.#
#### #.##.#
#...###.##@####
#..............
#######
.....##...####.
###..)...
##...##.#.#
##.#>#####
#...##.#.##
#)#.<#
#.........#
##.###
##..##.#..# #.#
#..##.#..# #.#
..........# #.#


You could see an orc wizard.

Vanquished Creatures
  A gnoll (D:1)
  2 adders (D:3)
  A worm (D:2)
  2 dart slugs
  An orc (D:3)
  4 endoplasms
  2 goblins
  3 hobgoblins (D:1)
  5 kobolds
  4 quokkas
  2 ball pythons (D:2)
  2 bats
  A frilled lizard (D:1)
  2 rats
32 creatures vanquished.

Vanquished Creatures (others)
  4 toadstools (D:1)
4 creatures vanquished.

Grand Total: 36 creatures vanquished

Notes
Turn   | Place    | Note
-------+----------+-------------------------------------------
     0 | D:1      | Thatpatchoflichen the Kobold Hunter began the quest for the
                  | Orb.
     0 | D:1      | Reached XP level 1. HP: 12/12 MP: 1/1
   454 | D:1      | Reached XP level 2. HP: 8/18 MP: 2/2
   774 | D:1      | Found a faded altar of an unknown god.
   846 | D:1      | Reached XP level 3. HP: 22/22 MP: 3/3
  1050 | D:2      | Found an iron altar of Okawaru.
  2067 | D:3      | Reached XP level 4. HP: 26/27 MP: 4/4
  2272 | D:3      | Killed from afar by an orc wizard

Illustrated notes

Levels and vault maps discovered:
D:1:      dpeg_arrival_simpleton_c, layout_loops_ring,
          hellmonk_ecumenical_altar_prayer_group, dreamdust_princess_bridge,
          amcnicky_mini_rare_corridor_liquid, minmay_misc_feat_tiny,
          minmay_gold_behind_fungi
D:2:      layout_basic, basic_altar
D:3:      layout_loops_ring, uniq_ijyb
D:4:      layout_basic, makhleb_heckhound_becter, nicolae_ru_path_of_blood,
          uniq_natasha

Skill      XL: |  1  2  3  4 |
---------------+-------------+-----
Stealth        | 2 |  2.9
Dodging        | 3 |  3.3
Fighting       | 3 |  3.0
Ranged Weapons | |  5.9

Action                   |  1- 3 |  4- 6 || total
-------------------------+-------+-------++-------
 Fire: Shortbow          |    81 |    16 ||    97
Armor: Leather armour    |     2 |     2 ||     4
Dodge: Dodged            |    28 |    11 ||    39
